 Dungeon Crawl Stone Soup version 0.16.2-12-gd0ad4c3 (webtiles) character file.

22909 magipi the Cleaver (level 13, 0/115 (116) HPs)
             Began as a Ghoul Gladiator on Oct 13, 2015.
             Was the Champion of Makhleb.
             Slain by an ettin
             ... wielding a +1 dire flail of holy wrath
              (13 damage)
             ... on level 3 of the Orcish Mines.
             The game lasted 01:44:39 (12492 turns).

magipi the Cleaver (Ghoul Gladiator)               Turns: 12492, Time: 01:44:39

HP:   0/115 (116)   AC: 17    Str: 20    XL:     13   Next: 3%
MP:   23/23         EV:  9    Int:  4    God:    Makhleb [******]
Gold: 1394          SH:  0    Dex: 14    Spells: 0 memorised, 12 levels left

rFire  . . .     SeeInvis +     b - +0 blowgun
rCold  + . .     Clarity  .     o - +0 chain mail (curse)
rNeg   + + +     SustAb   .     (no shield)
rPois  ∞         Gourm    .     c - +0 helmet
rElec  .         Spirit   .     i - +1 cloak "Ejoxir" {SInv}
rCorr  .         Warding  .     (no gloves)
rMut   +         Stasis   .     H - +2 pair of boots {run}
MR     .....                    l - amulet of resist mutation
Stlth  ..........               (no ring)
                                r - +2 ring of dexterity

@: rotting, slowed, very slow, not resistant to hostile enchantments, extremely
unstealthy
A: rotting body, claws 1, carnivore 3, cold resistance 1, negative energy
resistance 3, poison resistance, slow healing 1, torment resistance, unbreathing
a: Minor Destruction, Lesser Servant of Makhleb, Major Destruction, Greater
Servant of Makhleb, Renounce Religion


You were on level 3 of the Orcish Mines.
You worshipped Makhleb.
Makhleb was exalted by your worship.
You were not hungry.

You visited 3 branches of the dungeon, and saw 14 of its levels.
You also visited: Ossuary and Ice Cave.

You collected 2082 gold pieces.
You spent 688 gold pieces at shops.

Inventory:

Hand weapons
 a - a +1 battleaxe of flaming
 b - a +0 blowgun (weapon)
Missiles
 j - 38 poisoned needles (quivered)
 A - 6 needles of paralysis
 B - 9 tomahawks
Armour
 c - a +0 helmet (worn)
 i - the +1 cloak "Ejoxir" (worn) {SInv}
   (You bought it in a shop on level 6 of the Dungeon)

   It enhances your eyesight.
 o - a cursed +0 chain mail (worn)
 F - a +0 plate armour
 H - a +2 pair of boots of running (worn)
Jewellery
 l - an amulet of resist mutation (around neck)
 r - a +2 ring of dexterity (left claw)
 t - an uncursed ring of teleportation
Magical devices
 f - a wand of draining (3)
 q - a wand of fire (0)
 x - a wand of fire (0)
 G - a wand of disintegration (0)
 I - a wand of disintegration (0)
Scrolls
 p - 2 scrolls of immolation
 v - 3 scrolls of magic mapping
 y - 3 scrolls of amnesia
Potions
 e - a potion of cancellation
 h - 3 potions of restore abilities
 m - 4 potions of curing
 n - 3 potions of brilliance
Books
 g - a book of Geomancy

   Spells                             Type                      Level
   a - Sandblast                      Earth                        1
   b - Stoneskin                      Transmutation/Earth          2
   c - Passwall                       Transmutation/Earth          3
   d - Stone Arrow                    Conjuration/Earth            3
   e - Petrify                        Transmutation/Earth          4
   f - Lee's Rapid Deconstruction     Earth                        5
 s - a book of Party Tricks

   Spells                             Type                      Level
   a - Summon Butterflies             Summoning                    1
   b - Apportation                    Translocation                1
   c - Tukima's Dance                 Hexes                        3
   d - Alistair's Intoxication        Transmutation/Poison         4
   e - Invisibility                   Hexes                        6
Comestibles
 k - 5 meat rations
 w - 6 beef jerkies


   Skills:
 - Level 11.0 Fighting
 + Level 12.9 Axes
 - Level 4.0 Throwing
 - Level 8.0 Armour
 - Level 2.6 Dodging
 + Level 8.9 Evocations


You had 12 spell levels left.
You didn't know any spells.

Dungeon Overview and Level Annotations

Branches:
Dungeon (9/15)             Temple (1/1) D:4             Orc (4/4) D:9
    Elf (0/3) Orc:4
   Lair: D:8-11

Altars:
Ashenzari
Cheibriados
Dithmenos
Elyvilon
Fedhas
Gozag
Makhleb
Nemelex Xobeh
Okawaru
Qazlal
Sif Muna
Trog
Vehumet
Xom
Yredelemnul
Zin
The Shining One
Beogh

Shops:
D:4 :   D:6 ([*[}   Orc:2 }


Innate Abilities, Weirdness & Mutations

Your body is rotting away.
You thrive on raw meat.
You have sharp fingernails.
You are carnivorous and can eat meat at any time.
Your flesh is cold resistant.
You are immune to negative energy.
Your system is resistant to poisons.
You heal slowly when monsters are visible.
You are immune to unholy pain and torment.
You can survive without breathing.

Vault maps used:
D:1:      sevenhm_arrival_forest_fort_small_4
D:2:      lemuel_blue_sif_altar, nicolae_overflow_crystal_walls
D:3:      bloody_trog, makhleb_grotto_becter, uniq_terence, uniq_robin
D:4:      minmay_temple_entry_statues_fountains, first_bread, serial_shops, shop
D:6:      lemuel_crystal_altar, lemuel_round_altar, serial_shops,
          nicolae_shop_temple_entry_statues_fountains, nicolae_shop_statue_plus,
          shop, kennysheep_mini, shop, enter_ossuary_5
D:7:      xom_shifter_show, kennysheep_little_box, old_standard_altar,
          uniq_menkaure
D:8:      lemuel_coloured_pillars_altar, cheibriados_altar_1, special_room,
          hangedman_tree_tricks, uniq_joseph
D:9:      lemuel_zombie_altar_kikubaaqudgha, nicolae_ru_the_path_less_chosen,
          erik_orc_2
Temple:   circular_temple_6
Orc:1:    uniq_prince_ribbit1
Orc:2:    portal_ice_cave_entry_imps, serial_shops,
          nicolae_shop_temple_entry_statues_fountains, minmay_orc_keep
Orc:3:    nicolae_orc_pool_cavern
Orc:4:    pubby_orc_utopia
Ossuary:  ossuary_tomb_3
IceCv:    ice_cave_caverns_03


Message History

You slice the goblin!! You burn the goblin.
You kill the goblin!
Makhleb accepts your kill.
You feel a little better.
Some of the chunks of flesh in your inventory have rotted away.
The ettin shouts in stereo!
The orc shouts!
The orc wizard shouts!
The orc closely misses you. The orc hits you but does no damage.
Unknown command.
You slice the orc!! You burn the orc.
You kill the orc!
Makhleb accepts your kill.
You feel a little better.
The orc wizard casts a spell.
The orc wizard blinks!
Unknown command.
The orc closely misses you.
You hit the orc. You burn the orc.
You kill the orc!
Makhleb accepts your kill.
You feel a little better.
You miss the orc wizard.
The orc wizard hits you but does no damage.
The orc wizard misses you.
You barely miss the orc wizard.
The orc wizard points at you and mumbles some strange words.
The magic dart hits you!
Your +1 battleaxe of flaming stops flaming.
b - a +0 blowgun (weapon)
Firing (i - inventory. (,) - cycle):
j - 45 poisoned needles (quivered)
Press: ? - help, Shift-Dir - straight line, f - ettin
Aim: an ettin, wielding a dire flail of holy wrath and a great mace You shoot a poisoned needle.
The poisoned needle barely misses the ettin.
Things that are here:
a ring mail; a flail Firing (i - inventory. (,) - cycle):
j - 44 poisoned needles (quivered)
Press: ? - help, Shift-Dir - straight line, f/p - ettin
Aim: an ettin, wielding a dire flail of holy wrath and a great mace You shoot a poisoned needle.
The poisoned needle hits the ettin!
The ettin is poisoned.
Firing (i - inventory. (,) - cycle):
j - 43 poisoned needles (quivered)
Press: ? - help, Shift-Dir - straight line, f/p - ettin
Aim: an ettin, wielding a dire flail of holy wrath and a great mace (lightly wounded, poisoned)
You shoot a poisoned needle. The poisoned needle hits the ettin.
The ettin looks even sicker.
The ettin is lightly wounded.
Firing (i - inventory. (,) - cycle):
j - 42 poisoned needles (quivered)
Press: ? - help, Shift-Dir - straight line, f/p - ettin
Aim: an ettin, wielding a dire flail of holy wrath and a great mace (lightly wounded, poisoned)
You shoot a poisoned needle. The poisoned needle hits the ettin!
The ettin looks even sicker.
The ettin is lightly wounded.
The ettin hits you with a dire flail of holy wrath!
You convulse!
The ettin hits you with a great mace!!!
Things that are here:
a ring mail; a flail Firing (i - inventory. (,) - cycle):
j - 41 poisoned needles (quivered)
Press: ? - help, Shift-Dir - straight line, f/p - ettin
Aim: an ettin, wielding a dire flail of holy wrath and a great mace (moderately wounded, poisoned)
You shoot a poisoned needle. The poisoned needle hits the ettin!
The ettin looks even sicker.
The ettin is moderately wounded.
Unknown command.
You see here a poisoned needle.
Firing (i - inventory. (,) - cycle):
j - 40 poisoned needles (quivered)
Press: ? - help, Shift-Dir - straight line, f/p - ettin
Aim: an ettin, wielding a dire flail of holy wrath and a great mace (heavily wounded, poisoned)
You shoot a poisoned needle. The poisoned needle hits the ettin!
The ettin looks even sicker.
The ettin is heavily wounded.
Unknown command.
You see here a poisoned needle.
You see here a poisoned needle.
Things that are here:
a ring mail; a flail The orc wizard casts a spell at you.
The magic dart hits you!
You see here a poisoned needle.
You see here a poisoned needle.
The orc wizard hits you but does no damage.
The orc wizard gestures at you while chanting.
You feel yourself slow down.
Firing (i - inventory. (,) - cycle):
j - 39 poisoned needles (quivered)
Press: ? - help, Shift-Dir - straight line, f/p - ettin
Aim: an ettin, wielding a dire flail of holy wrath and a great mace (almost dead, poisoned)
You shoot a poisoned needle.
The poisoned needle hits the orc wizard!
The orc wizard is poisoned.
The orc wizard hits you but does no damage.
All of the chunks of flesh in your inventory have rotted away.
You see here a poisoned needle.
The orc wizard casts a spell at you. The magic dart hits you!
The orc wizard casts a spell.
The orc wizard blinks!
The ettin hits you but does no damage. The ettin hits you with a great mace!!!
* * * LOW HITPOINT WARNING * * *
The ettin barely misses you. The ettin hits you with a great mace!
You die...

......o...## #...#
.......#).)# #..##
.......##.[###..####
..o.#.. #(.......#.###
... #.. ##........##.##
. ... #........#...#
##.# ##.....)...#..## ##
#####.....#C.......##.##
#......###@(.........#
#.......#####[......##
##.....###.....)[.###
#....)(###(.(...##
##.....§((.....##
###......(...##
##.......###
####.#..###.##
##.#....)##...#


You could see an ettin.

Table legend:
 A = Kills in this place as a percentage of kills in entire the game.
 B = Kills by you in this place as a percentage of kills by you in the entire game.
 C = Kills by friends in this place as a percentage of kills by friends in the entire game.
 D = Other kills in this place as a percentage of other kills in the entire game.
 E = Experience gained in this place as a percentage of experience gained in the entire game.
 F = Experience gained in this place divided by the number of levels of this place that you have seen.
                   A       B       C       D       E      F
               +-------+-------+-------+-------+-------+----------------------
         Total | 100.0 | 100.0 |  -nan |  -nan | 100.0 | 2045.5
       Dungeon |  42.0 |  42.0 |  -nan |  -nan |  27.8 | 1011.1
  Orcish Mines |  48.6 |  48.6 |  -nan |  -nan |  41.4 | 3385.5
       Ossuary |   2.6 |   2.6 |  -nan |  -nan |   1.3 | 424.0
      Ice Cave |   6.8 |   6.8 |  -nan |  -nan |  29.5 | 9662.0
               +-------+-------+-------+-------+-------+----------------------

Vanquished Creatures
  A death yak (IceCv)
  6 orc sorcerers (Orc:4)
  Joseph (D:8)
  5 two-headed ogres (Orc:4)
  19 polar bears (IceCv)
  Prince Ribbit (Orc:1)
  The ghost of Razmath the Chiller, an average MfIE (Ossuary)
  A hippogriff (D:8)
  A wraith (D:9)
  15 yaks
  A hungry ghost (D:7)
  Menkaure (D:7)
  14 wolves (IceCv)
  A warg (Orc:4)
  35 orc warriors
  A water moccasin (D:8)
  2 sky beasts
  4 black bears
  An ice beast (D:8)
  16 ogres
  A centaur (D:8)
  14 big kobolds (D:8)
  6 giant frogs
  A scorpion (D:7)
  3 killer bees (D:8)
  5 wights (D:8)
  An electric eel (D:9)
  A goliath beetle (D:8)
  4 crimson imps
  A centaur zombie (D:6)
  3 hounds
  29 orc priests
  A quasit (D:8)
  A giant frog skeleton (D:4)
  5 jellies
  3 iguanas
  A centaur skeleton (D:4)
  37 orc wizards
  5 worker ants
  A big kobold zombie (Ossuary)
  A hound skeleton (D:7)
  Terence (D:3)
  9 mummies
  Robin (D:3)
  3 gnolls (D:8)
  A giant mite (D:2)
  4 shadow imps
  12 white imps (Orc:2)
  11 adders
  3 worms
  An adder skeleton (D:5)
  An adder zombie (D:8)
  5 giant geckos
  An ooze (D:1)
  213 orcs
  A ball python (D:2)
  14 bats
  A bat skeleton (D:4)
  39 goblins
  21 hobgoblins
  9 jackals
  25 kobolds
  5 quokkas
  5 giant cockroaches
  5 giant newts
  2 hobgoblin zombies (Ossuary)
  A jackal zombie (D:7)
  3 kobold zombies (Ossuary)
  5 orc zombies
  A quokka skeleton (D:8)
  11 rats
  A ballistomycete (D:8)
666 creatures vanquished.

Vanquished Creatures (others)
  2 wolves (IceCv)
  A giant spore (D:8)
3 creatures vanquished.

Grand Total: 669 creatures vanquished

Notes
Turn   | Place    | Note
--------------------------------------------------------------
     0 | D:1      | magipi, the Ghoul Gladiator, began the quest for the Orb.
     0 | D:1      | Reached XP level 1. HP: 17/17 MP: 1/1
   356 | D:1      | Reached XP level 2. HP: 24/24 MP: 2/2
   370 | D:1      | Reached skill level 3 in Axes
   628 | D:2      | HP: 1/24 [adder (3)]
   630 | D:2      | Reached XP level 3. HP: 1/29 MP: 3/3
   901 | D:2      | Reached XP level 4. HP: 36/36 MP: 3/3
   960 | D:2      | Found a shadowy altar of Dithmenos.
  1330 | D:3      | Noticed Robin
  1342 | D:3      | Reached skill level 4 in Axes
  1370 | D:3      | Noticed Terence
  1392 | D:3      | Killed Terence
  1392 | D:3      | Reached XP level 5. HP: 34/40 MP: 4/4
  1425 | D:3      | Killed Robin
  1464 | D:3      | Found a bloodstained altar of Trog.
  1652 | D:2      | Found a deep blue altar of Sif Muna.
  1917 | D:3      | Found a burning altar of Makhleb.
  1931 | D:3      | Became a worshipper of Makhleb the Destroyer
  2163 | D:4      | Found Osiuf's Book Boutique.
  2231 | D:4      | Reached XP level 6. HP: 44/48 MP: 5/5
  2251 | D:4      | Found a staircase to the Ecumenical Temple.
  2268 | Temple   | Entered the Ecumenical Temple
  2509 | D:4      | Reached skill level 5 in Axes
  2616 | D:4      | Acquired Makhleb's first power
  2728 | D:5      | Entered Level 5 of the Dungeon
  2980 | D:5      | Reached skill level 6 in Axes
  2980 | D:5      | Reached XP level 7. HP: 51/55 MP: 5/5
  3021 | D:5      | Got a smoking chain mail
  3032 | D:5      | Identified the +2 chain mail "Psaly" {rC- Dex+2 SInv Stlth+} (You found it on level 5 of the Dungeon)
  3287 | D:5      | Acquired Makhleb's second power
  3462 | D:5      | Reached skill level 7 in Axes
  3555 | D:5      | Reached XP level 8. HP: 52/61 MP: 6/6
  3708 | D:6      | Found a sand-covered staircase.
  3712 | Ossuary  | Entered an ossuary
  3744 | Ossuary  | Reached skill level 8 in Axes
  3799 | Ossuary  | Noticed Razmath's ghost (average MfIE)
  3811 | Ossuary  | Killed Razmath's ghost
  3988 | D:6      | Found Enisiat's Antique Weapon Shoppe.
  4136 | D:7      | Reached skill level 9 in Axes
  4244 | D:7      | Found a shimmering altar of Xom.
  4246 | D:7      | Found a shimmering altar of Xom.
  4246 | D:7      | Found a shimmering altar of Xom.
  4246 | D:7      | Found a shimmering altar of Xom.
  4305 | D:6      | Found a glowing silver altar of Zin.
  4391 | D:6      | Found Stra Nao's Gadget Shop.
  4443 | D:6      | Acquired Makhleb's third power
  4532 | D:6      | Bought a wand of disintegration (11) for 195 gold pieces
  4540 | D:6      | Found Ucippel's Antique Armour Boutique.
  4548 | D:6      | Bought a pair of glowing boots for 153 gold pieces
  4554 | D:6      | Reached skill level 10 in Axes
  4554 | D:6      | Reached XP level 9. HP: 67/67 MP: 7/7
  4580 | D:6      | Found Umurit's Antique Armour Boutique.
  4596 | D:6      | Found Ghaog's Assorted Antiques.
  4629 | D:6      | Identified a +0 pair of boots of running (You bought it in a shop on level 6 of the Dungeon)
  4640 | D:6      | Bought a shimmering cloak for 228 gold pieces
  4646 | D:6      | Identified the +1 cloak "Ejoxir" {SInv} (You bought it in a shop on level 6 of the Dungeon)
  4703 | D:6      | Found a glowing golden altar of the Shining One.
  5144 | D:7      | Reached skill level 1 in Armour
  5346 | D:7      | Found a blossoming altar of Fedhas.
  5424 | D:7      | Noticed Menkaure
  5439 | D:7      | Killed Menkaure
  5606 | D:7      | Acquired Makhleb's fourth power
  5616 | D:7      | Reached skill level 5 in Fighting
  5657 | D:7      | Found a white marble altar of Elyvilon.
  5870 | D:8      | Reached XP level 10. HP: 59/83 MP: 7/7
  6257 | D:8      | Reached skill level 5 in Armour
  6408 | D:8      | Noticed Joseph
  6433 | D:8      | Killed Joseph
  6461 | D:8      | Acquired Makhleb's fifth power
  6673 | D:8      | Found a shattered altar of Ashenzari.
  6757 | D:8      | Found a snail-covered altar of Cheibriados.
  6953 | D:8      | Noticed a wandering mushroom
  7004 | D:8      | Noticed a wandering mushroom
  7060 | D:8      | Noticed a wandering mushroom
  7243 | D:9      | Got a dazzling leather armour
  7263 | D:9      | Identified the +1 leather armour of the Planets {-Tele MR+ rCorr Int+4 Dex+2} (You found it on level 9 of the Dungeon)
  7855 | D:9      | Reached skill level 1 in Evocations
  7956 | D:9      | Reached XP level 11. HP: 79/95 MP: 0/10
  8008 | D:9      | Found a staircase to the Orcish Mines.
  8030 | Orc:1    | Entered Level 1 of the Orcish Mines
  8241 | Orc:2    | Found a frozen archway.
  8256 | IceCv    | Entered an ice cave
  8492 | IceCv    | Reached skill level 11 in Axes
  8578 | IceCv    | Noticed a death yak
  8609 | IceCv    | Killed a death yak
  8715 | IceCv    | Reached skill level 10 in Fighting
  8866 | IceCv    | Noticed a white draconian
  8951 | IceCv    | Reached skill level 5 in Evocations
  8963 | IceCv    | Reached XP level 12. HP: 84/107 MP: 18/18
  9066 | IceCv    | HP: 4/108 [white draconian/chilling blast (10)]
 10031 | Orc:3    | Noticed an ettin
 10178 | Orc:2    | Found Smual's Gadget Emporium.
 10244 | Orc:2    | Bought a wand of draining (3) for 112 gold pieces
 10544 | Orc:1    | Noticed Prince Ribbit
 10548 | Orc:1    | Killed Prince Ribbit
 10918 | Orc:4    | Entered Level 4 of the Orcish Mines
 11021 | Orc:4    | Found a roughly hewn altar of Beogh.
 11032 | Orc:4    | Reached skill level 12 in Axes
 11812 | Orc:4    | Paralysed by an orc sorcerer for 3 turns
 11920 | Orc:4    | Found a staircase to the Elven Halls.
 12087 | Orc:4    | Reached XP level 13. HP: 81/115 MP: 23/23
 12255 | Orc:4    | Noticed an orc warlord
 12492 | Orc:3    | Slain by an ettin

Action                   |  1- 3 |  4- 6 |  7- 9 | 10-12 | 13-15 || total
-------------------------+-------+-------+-------+-------+-------++-------
Melee: War axe           |    95 |   278 |   419 |   277 |       ||  1069
       Battleaxe         |       |       |       |   947 |    64 ||  1011
 Fire: Blowgun           |       |       |    40 |    75 |    15 ||   130
Throw: Throwing net      |     3 |     1 |     2 |     1 |       ||     7
 Abil: Evoke Teleportati |       |       |       |     9 |       ||     9
Evoke: Wand              |       |       |       |    17 |       ||    17
  Use: Scroll            |       |       |    22 |    12 |       ||    34
       Potion            |       |       |     4 |    10 |       ||    14
 Stab: Held in net/web   |       |     1 |       |       |       ||     1
       Fleeing           |       |       |       |     2 |       ||     2
  Eat: Chunk             |    10 |    17 |    42 |   134 |    18 ||   221

Action                   |  1- 3 |  4- 6 |  7- 9 | 10-12 | 13-15 || total
-------------------------+-------+-------+-------+-------+-------++-------
Melee: War axe           |    95 |   278 |   419 |   277 |       ||  1069
       Battleaxe         |       |       |       |   947 |    64 ||  1011
 Fire: Blowgun           |       |       |    40 |    75 |    15 ||   130
Throw: Throwing net      |     3 |     1 |     2 |     1 |       ||     7
 Abil: Evoke Teleportati |       |       |       |     9 |       ||     9
Evoke: Wand              |       |       |       |    17 |       ||    17
  Use: Scroll            |       |       |    22 |    12 |       ||    34
       Potion            |       |       |     4 |    10 |       ||    14
 Stab: Held in net/web   |       |     1 |       |       |       ||     1
       Fleeing           |       |       |       |     2 |       ||     2
  Eat: Chunk             |    10 |    17 |    42 |   134 |    18 ||   221

Action                   |  1- 3 |  4- 6 |  7- 9 | 10-12 | 13-15 || total
-------------------------+-------+-------+-------+-------+-------++-------
Melee: War axe           |    95 |   278 |   419 |   277 |       ||  1069
       Battleaxe         |       |       |       |   947 |    64 ||  1011
 Fire: Blowgun           |       |       |    40 |    75 |    15 ||   130
Throw: Throwing net      |     3 |     1 |     2 |     1 |       ||     7
 Abil: Evoke Teleportati |       |       |       |     9 |       ||     9
Evoke: Wand              |       |       |       |    17 |       ||    17
  Use: Scroll            |       |       |    22 |    12 |       ||    34
       Potion            |       |       |     4 |    10 |       ||    14
 Stab: Held in net/web   |       |     1 |       |       |       ||     1
       Fleeing           |       |       |       |     2 |       ||     2
  Eat: Chunk             |    10 |    17 |    42 |   134 |    18 ||   221
